 Dungeon Sprint DCSS version 0.27.0-1-g7a089689b8 (webtiles) character file.

Game seed: 10883490054238220531

93 Sopht the Shield-Bearer (level 4, -6/31 HPs)
             Began as a Gargoyle Fighter on Aug 17, 2021.
             Mangled by an ice beast (9 damage)
             ... in the Dungeon (Sprint VII: "The Pits").
             The game lasted 00:01:27 (159 turns).

Sopht the Shield-Bearer (Gargoyle Fighter)           Turns: 159, Time: 00:01:27

Health: -6/31      AC: 11    Str: 20    XL:     4   Next: 61%
Magic:  4/4        EV:  8    Int:  9    God:
Gold:   0          SH: 10    Dex:  9    Spells: 3/3 levels left

rFire    . . .     SeeInvis .     - Unarmed
rCold    . . .     Faith    .   b - +0 kite shield
rNeg     + . .     Spirit   .   a - +0 scale mail
rPois    ∞         Reflect  .   (no helmet)
rElec    +         Harm     .   (no cloak)
rCorr    .         Rampage  .   (no gloves)
Will     .....     NoTele   +   (no boots)
Stlth    ..........             (no amulet)
HPRegen  0.10/turn              (no ring)
MPRegen  0.09/turn              (no ring)

@: hasted, very quick
A: sickness immunity, AC +3, negative energy resistance 1, electricity
resistance, torment resistance 1, petrification resistance
a: no special abilities


You were in the Dungeon.
You visited 1 branch

Inventory:

Armour
 a - a +0 scale mail (worn)
 b - a +0 kite shield (worn)
Scrolls
 i - a scroll of blinking
Potions
 d - a potion of curing
 g - 2 potions of magic
 h - a potion of berserk rage


   Skills:
 + Level 5.6 Fighting
 + Level 5.9 Armour
 + Level 1.2 Dodging
 + Level 6.2 Shields
 + Level 3.6 Unarmed Combat


You had 3 spell levels left.
You didn't know any spells.
Your spell library was empty.

Dungeon Overview and Level Annotations

Branches:
Dungeon (1/1)

Altars:


Innate Abilities, Weirdness & Mutations

You are immune to sickness and miasma.
Your stone body is resilient. (AC +3)
You are immune to poison.
You resist negative energy. (rN+)
You are resistant to electric shocks. (rElec)
You are resistant to unholy torment.
You are immune to petrification.


Message History

The river rat is moderately wounded.
You block the river rat's attack.
You hit the river rat.
The river rat is heavily wounded.
The river rat bites you but does no damage.
You hit the river rat.
The river rat is almost dead.
The river rat bites you.
You hit the river rat.
The river rat is almost dead.
You barely miss the river rat.
The river rat is almost dead.
You block the river rat's attack.
You hit the river rat but do no damage.
The river rat is almost dead.
You block the river rat's attack.
You barely miss the river rat.
The river rat is almost dead.
You hit the river rat.
You kill the river rat!
You barely miss the ice beast.
The ice beast hits you but does no damage.
You hit the ice beast but do no damage. You block the ice beast's attack.
You hit the ice beast but do no damage. You block the ice beast's attack.
Your scale mail prevents you from hitting the ice beast.
You hit the ice beast.
The ice beast is lightly wounded.
You block the ice beast's attack.
You hit the ice beast.
The ice beast is moderately wounded.
The ice beast hits you. The ice beast freezes you!
* * * LOW HITPOINT WARNING * * *
You closely miss the ice beast.
The ice beast is moderately wounded.
You hit the ice beast.
The ice beast is heavily wounded.
The ice beast hits you.
* * * LOW HITPOINT WARNING * * *
The ice beast freezes you!
You die...

+.##......#.
##########.##........
#..........)'........
#+#####)#####......#.
#..#..# #........
#..†..# ####'####
#..#### #.......#
#..#..# #.......#
#.@#..# #.......#
##Y#.r#+###...<...#
#.Z.Z....##.......#
#........##.......#
###########.......#
#########


You could see an ice beast and a jackal skeleton.

Vanquished Creatures
  A scorpion (D)
  A gnoll (D)
  A river rat (D)
  An ufetubus (D)
  A giant cockroach (D)
  3 jackals (D)
  A frilled lizard (D)
  A goblin (D)
10 creatures vanquished.

Notes
Turn   | Place    | Note
-------+----------+-------------------------------------------
     0 | D        | Sopht the Gargoyle Fighter began the quest for the Orb.
     0 | D        | Reached XP level 1. HP: 14/14 MP: 1/1
    65 | D        | Reached skill level 4 in Shields
    65 | D        | Reached XP level 2. HP: 2/20 MP: 2/2
    70 | D        | Noticed a scorpion
    79 | D        | Killed a scorpion
    80 | D        | Reached skill level 5 in Fighting
    80 | D        | Reached skill level 5 in Armour
    80 | D        | Reached skill level 1 in Dodging
    80 | D        | Reached skill level 5 in Shields
    80 | D        | Reached XP level 3. HP: 19/26 MP: 3/3
    80 | D        | Reached XP level 4. HP: 22/31 MP: 4/4
   108 | D        | Reached skill level 6 in Shields
   135 | D        | Noticed an ice beast
   159 | D        | Mangled by an ice beast

Illustrated notes

Levels and vault maps discovered:
D:        pitsprint [storerooms_1, entrance_room_1, metal_vault_6, armoury_3,
          mini_pit_1, grid_room_1, main_hall_1, silver_pit, the_coven_1,
          the_vestibule_1, steel_vault_4, golden_pit, hallway_of_sentries,
          crystal_vault_3, iron_vault_1, final_vault]

Skill      XL: |  1  2  3  4 |
---------------+-------------+-----
Armour         | 4 5 |  5.9
Fighting       | 4 5 |  5.6
Shields        | 4 5 6 |  6.2
Dodging        | 1 |  1.2
Unarmed Combat | 3 |  3.6

Action                   |  1- 3 |  4- 6 || total
-------------------------+-------+-------++-------
Melee: Unarmed           |    31 |    44 ||    75
  Use: Potion            |     2 |     1 ||     3
Armor: Scale mail        |    27 |    12 ||    39
Dodge: Dodged            |    21 |    14 ||    35
Block: Kite shield       |    27 |    24 ||    51
